Match 47243117
Unlisted

Match 47243117
End
Kettenkrad Recon Vehicle
Construct Infanterie Kompanie
Selects Terror Battlegroup
Selects Machine Gun Camouflage
MG 42 Machine Gun Team
MG 42 Machine Gun Team
Grenadier Squad
Construct Panzergrenadier Kompanie
251 Medium Carrier
Pak 40 Anti-tank Gun Team
Grenadier Squad
Support Elements
Nebelwerfer 42 Rocket Launcher Team
Nebelwerfer 42 Rocket Launcher Team
Pioneer Squad
Construct Panzer Kompanie
Selects No Quarter
Stoßtruppen Squad
Sturmpanzer IV Brummbär
Stoßtruppen Squad
Kettenkrad Recon Vehicle
Pioneer Squad
251 Medium Carrier
Pioneer Squad
Selects King Tiger Heavy Tank
King Tiger Heavy Tank
Pioneer Squad
UMirinBrah?
Konrad Curze
FLOKL
Vulpes
Personal Iroha Cushion
Ghost
0
0

Comments sign in to comment!

No comments posted yet!